 Dungeon Crawl Stone Soup version 0.31-a0-325-g067879e3d3 (webtiles) character file.

Game seed: 4483781069361532603

91 cforsyth the Changeling (level 4, -5/34 HPs)
             Began as a Vampire Shapeshifter on July 19, 2023.
             Slain by Terence
             ... wielding a +2 flail of protection
              (11 damage)
             ... on level 2 of the Dungeon.
             The game lasted 00:01:16 (1253 turns).

cforsyth the Changeling (Vampire Shapeshifter)      Turns: 1253, Time: 00:01:16

Health: -5/34      AC:  2    Str: 16    XL:     4   Next: 33%
Magic:  4/4        EV: 12    Int: 10    God:
Gold:   68         SH:  0    Dex: 14    Spells: 3/3 levels left

rFire   . .          .
                       - Unarmed
rCold   . . .        (no shield)
rNeg    . . .        a - +0 animal skin
rPois   .            (helmet currently unavailable)
rElec   .            (cloak currently unavailable)
rCorr   .            (gloves currently unavailable)
SInv    +            (boots currently unavailable)
Will    .....        i - amulet of the acrobat
Stlth   +            (no ring)
HPRegen 0.45/turn    (no ring)
MPRegen 0.09/turn

%: acrobat
@: beast-form, healing quickly
A: beast (slay +2), alive, fangs 3, see invisible, vampiric 2
a: Exsanguinate, Begin Untransformation


You were on level 2 of the Dungeon.
You were a hulking beast.
You visited 1 branch of the dungeon, and saw 2 of its levels.

You collected 68 gold pieces.

Inventory:

Armour
 a - a +0 animal skin (worn)
Jewellery
 i - an amulet of the acrobat (around neck)
Talismans
 c - a beast talisman
Scrolls
 f - a scroll of fog {unknown}
 g - 2 scrolls of identify {unknown}
 h - a scroll of teleportation {unknown}
 j - a scroll of torment {unknown}
Potions
 b - a potion of lignification
 d - 2 potions of might {unknown}
 e - 2 potions of curing {unknown}
 k - a potion of resistance {unknown}
 l - 2 potions of heal wounds {unknown}


   Skills:
 + Level 2.9 Fighting
 - Level 2.1 Dodging
 + Level 3.3 Unarmed Combat
 + Level 3.9 Shapeshifting


You had 3 spell levels left.
You didn't know any spells.
Your spell library contained the following spells:

 Spells                   Type           Power      Damage    Failure   Level
 Cigotuvi's Dreadful Rot  Necr/Pois/Air  0%         N/A       50%         2
 Wereblood                Tmut           0%         N/A       50%         2
 Dispel Undead            Necr           0%         3d6       98%         4
 Irradiate                Conj/Tmut      0%         3d11      100%        5
 Death Channel            Necr           0%         N/A       100%        6


Dungeon Overview and Level Annotations

Branches:
Dungeon (2/15)

Altars:

Annotations:
D:2 Terence


Innate Abilities, Weirdness & Mutations

You are a hulking beast.
Your limbs bulge with bestial killing power. (Slay +2)
Your natural rate of healing is accelerated.
You have razor-sharp teeth.
You have supernaturally acute eyesight. (SInv)
You are afflicted with vampirism and can become a bat while bloodless.


Message History

The frilled lizard bites you but does no damage.
You punch the frilled lizard!
You kill the frilled lizard!
No target in view!
No target in view!
No target in view!
No target in view!
No target in view!
Terence the Incautious comes into view.
He is wielding a +2 flail of protection.
Terence shouts!
Terence is nearby!
Terence is nearby!
Terence is nearby!
Terence is nearby!
Terence completely misses you.
You closely miss Terence. You bite Terence.
Terence is lightly wounded.
Terence hits you with a +2 flail of protection.
You barely miss Terence. You bite Terence.
Terence is moderately wounded.
Terence hits you with a +2 flail of protection.
You hit Terence but do no damage.
Terence is moderately wounded.
Terence hits you with a +2 flail of protection!
You are too injured to fight recklessly!
You are too injured to fight recklessly!
You are too injured to fight recklessly!
You are too injured to fight recklessly!
You are too injured to fight recklessly!
You are too injured to fight recklessly!
You are too injured to fight recklessly!
You are too injured to fight recklessly!
You closely miss Terence.
Terence is moderately wounded.
Terence hits you with a +2 flail of protection!
* * * LOW HITPOINT WARNING * * *
You hit Terence but do no damage.
Terence is moderately wounded.
Terence hits you with a +2 flail of protection!
You die...

#.########.#.....#
#.# #.#####.# #.#
#.# #.# #.# #.#
#.# #.# #.# #.#
#.# #.# #.# #.#
#.# #.#
#.########.# #.#
.........†.# #h#
############ #@# #
#.# ######### #.#
...†....# ..#
#######.# ### #.#
#.# #.#


You could see Terence.

Vanquished Creatures
  Jessica (D:2)
  An adder (D:2)
  2 worms (D:2)
  A dart slug (D:2)
  An orc (D:2)
  2 ball pythons (D:1)
  5 endoplasms
  A giant cockroach (D:2)
  3 goblins
  3 hobgoblins
  6 jackals (D:1)
  2 kobolds (D:2)
  A quokka (D:1)
  7 bats
  4 frilled lizards
  5 rats
45 creatures vanquished.

Notes
Turn   | Place    | Note
-------+----------+-------------------------------------------
     0 | D:1      | cforsyth the Vampire Shapeshifter began the quest for the
                  | Orb.
     0 | D:1      | Reached XP level 1. HP: 16/16 MP: 1/1
   102 | D:1      | Reached XP level 2. HP: 14/22 MP: 2/2
   627 | D:2      | Found a faded altar of an unknown god.
   657 | D:2      | Gained mutation: You are afflicted with vampirism and can
                  | become a bat while bloodless. [Vampire growth]
   657 | D:2      | Reached XP level 3. HP: 28/28 MP: 3/3
   933 | D:2      | Identified the +9 spear of Indomitability {drain, rPois
                  | Str+3}
  1081 | D:2      | Noticed Jessica
  1087 | D:2      | Killed Jessica
  1088 | D:2      | Reached XP level 4. HP: 34/34 MP: 4/4
  1245 | D:2      | Noticed Terence
  1253 | D:2      | Slain by Terence

Illustrated notes

Levels and vault maps discovered:
D:1:      ncdulo_lavacross, layout_loops_ring, minmay_misc_feat_square,
          chequers_serial_rivers_small_a
D:2:      layout_loops_ring, nicolae_ecumenical_pavilion, minmay_pentomino_p2,
          uniq_terence, uniq_jessica

Skill      XL: |  1  2  3 |
---------------+----------+-----
Fighting       | 2 |  2.9
Unarmed Combat | 3 |  3.3
Dodging        | |  2.1
Shapeshifting  | |  3.9

Action                     |  1- 3 |  4- 6 || total
---------------------------+-------+-------++-------
  Melee: Unarmed           |   129 |     7 ||   136
         Bite              |    16 |     2 ||    18
         Punch             |     3 |       ||     3
   Stab: Sleeping          |     2 |       ||     2
 Armour: Animal skin       |    28 |     1 ||    29
  Dodge: Dodged            |    91 |     1 ||    92

Table legend: (Time is in decaauts)
 A = Elapsed time spent in this place.
 B = Non-inter-level travel time spent in this place.
 C = Inter-level travel time spent in this place.
 D = Time resting spent in this place.
 E = Time spent auto-exploring this place.
 F = Levels seen in this place.
 G = Mean time per level.
                   A        B        C        D        E       F      G
               +--------+--------+--------+--------+--------+-----+--------+
         Total |   1246 |   1218 |     28 |      0 |    955 |   2 |  623.0 |
       Dungeon |   1246 |   1218 |     28 |      0 |    955 |   2 |  623.0 |
               +--------+--------+--------+--------+--------+-----+--------+

Top non-repeatable levels by time:
     D:1: 624 daAuts
     D:2: 622 daAuts
